 Dungeon Crawl Stone Soup version 0.14-a0-1007-gacdcbbe (webtiles) character file.

174 PolkaDot the Ruinous (level 3, -4/24 HPs)
             Began as a Vampire Conjurer on Nov 22, 2013.
             Slain by Sigmund
             ... wielding a +0,+0 scythe
              (11 damage)
             ... on Level 2 of the Dungeon.
             The game lasted 00:04:19 (1736 turns).

PolkaDot the Ruinous (Vampire Conjurer)             Turns: 1736, Time: 00:04:19

HP  -4/24        AC  4     Str  7      XL: 3   Next: 44%
MP   0/7         EV 12     Int 17 (18) God:
Gold 128         SH  0     Dex 14      Spells:  2 memorised,  2 levels left

Res.Fire  : . . .   See Invis. : +   e - +1,+2 dagger (venom)
Res.Cold  : . . .   Warding    : .   a - +0 robe
Life Prot.: . . .   Conserve   : .   (no shield)
Res.Poison: .       Res.Corr.  : .   (no helmet)
Res.Elec. : .       Clarity    : .   (no cloak)
Sust.Abil.: . .     Spirit.Shd : .   (no gloves)
Res.Mut.  : .       Stasis     : .   (no boots)
Res.Rott. : .       Flight     : .   (no amulet)
Saprovore : . . .                    m - ring of flight
                                     f - ring of protection from magic {unknown}

@: regenerating quickly, somewhat resistant to hostile enchantments, fairly
stealthy
A: fangs 3, hooves 1, yellow scales 1, see invisible, unbreathing
a: Evoke Flight


You were on level 2 of the Dungeon.
You were very full.

You visited 1 branch of the dungeon, and saw 2 of its levels.

You collected 128 gold pieces.

Inventory:

Hand weapons
 e - a +1,+2 dagger of venom (weapon)
Armour
 a - a +0 robe (worn)
Scrolls
 g - 2 scrolls of identify {unknown}
 h - a scroll of remove curse {unknown}
 i - a scroll of recharging {unknown}
 j - a scroll of curse jewellery {unknown}
 n - a scroll of enchant weapon II {unknown}
 o - a scroll of enchant armour {unknown}
Jewellery
 f - a ring of protection from magic (left hand) {unknown}
 m - a ring of flight (right hand)
Books
 c - a book of Conjurations

   Spells                             Type                      Level
   *Magic Dart                        Conjuration                  1
   *Searing Ray                       Conjuration                  2
   Dazzling Spray                     Conjuration/Hexes            3
   Iskenderun's Mystic Blast          Conjuration                  4
   Iskenderun's Battlesphere          Conjuration/Charms           4
   Fulminant Prism                    Conjuration/Hexes            5


   Skills:
 - Level 2.1 Dodging
 - Level 3.0 Stealth
 + Level 1.9 Spellcasting
 * Level 3.6 Conjurations


You had 2 spell levels left.
You knew the following spells:

 Your Spells              Type           Power        Failure   Level  Hunger
a - Magic Dart            Conj           ##..         4%          1    #......
s - Searing Ray           Conj           ##....       10%         2    ###....


Dungeon Overview and Level Annotations

Branches:
Dungeon (2/16)

Altars:

Annotations:
D:2 Sigmund


Innate Abilities, Weirdness & Mutations

Your natural rate of healing is unusually fast.
You have razor-sharp teeth.*
You have supernaturally acute eyesight.
You can survive without breathing.*
You have large cloven feet.*
You are partially covered in yellow scales (AC +2).*


Message History

You hit Sigmund but do no damage. Your kick misses Sigmund.
Sigmund is moderately wounded.
Casting: Searing Ray
Confirm with . or Enter, or press ? or * to list all spells.
Aiming: Searing Ray
Press: ? - help, Shift-Dir - straight line, f/p - Sigmund
Aim: Sigmund, wielding a scythe and wearing a robe (moderately wounded, poisoned, slightly transparent)
The searing ray hits Sigmund.
Sigmund is heavily wounded.
Sigmund closely misses you.
The searing ray hits Sigmund.
Sigmund is heavily wounded.
Sigmund hits you with a scythe.
* * * LOW HITPOINT WARNING * * *
The searing ray hits Sigmund.
Sigmund is severely wounded.
The searing ray misses Sigmund.
* * * LOW MAGIC WARNING * * *
Sigmund hits you with a scythe!
You die...

#...# #S#
#...# #.#
#...# #.#
##.## #.# #.#
#.# #.# #.#
#.# #.#
#######.####@#
#.........##@#
#.#####...)..#
#.###..# ...#
#..# #.#..#
#.## ####...#
#... ..#
<....#
..##.###
####...#.## .
# # #


You could see Sigmund (invisible) and an adder (wandering).

Vanquished Creatures
  An adder (D:2)
  3 bats
  2 giant cockroaches
  6 hobgoblins
  7 kobolds
  A ball python (D:2)
  3 giant newts
  4 goblins (D:1)
  8 rats
35 creatures vanquished.

Notes
Turn   | Place    | Note
--------------------------------------------------------------
     0 | D:1      | PolkaDot, the Vampire Conjurer, began the quest for the Orb.
     0 | D:1      | Reached XP level 1. HP: 13/13 MP: 4/4
   255 | D:1      | Reached XP level 2. HP: 19/19 MP: 0/5
  1067 | D:2      | Reached XP level 3. HP: 5/24 MP: 2/7
  1308 | D:2      | Learned a level 2 spell: Searing Ray
  1499 | D:2      | Somebody: Hi.
  1511 | D:2      | PolkaDot: Hey
  1708 | D:2      | Noticed Sigmund
  1713 | D:2      | Gained mutation: You are partially covered in yellow scales (AC +2). [potion of mutation]
  1713 | D:2      | Gained mutation: You have large cloven feet. [potion of mutation]
  1733 | D:2      | Somebody: I welcome you to take a look at my latest replay at your leisure. :) It is an interesting meditation on which spells are genuinely useful when your life is in danger. :)
  1736 | D:2      | Slain by Sigmund

Action                   || total
-------------------------++-------
Melee: Dagger            ||    54
 Cast: Magic Dart        ||    36
       Searing Ray       ||     2
  Use: Potion            ||     6
 Stab: Sleeping          ||     5
